 Dungeon Sprint DCSS version 0.19.5 (webtiles) character file.

1879 Mesmaeker13 the Grappler (level 8, -6/93 HPs)
             Began as a Troll Monk on Apr 4, 2017.
             Was a Priest of Trog.
             Mangled by a deep troll (14 damage)
             ... in the Dungeon (Sprint I: "Red Sonja").
             The game lasted 00:03:29 (534 turns).

Mesmaeker13 the Grappler (Troll Monk)                Turns: 534, Time: 00:03:31

Health: -6/93      AC:  7    Str: 22    XL:     8   Next: 91%
Magic:  7/7        EV: 15    Int:  6    God:    Trog [***...]
Gold:   420        SH:  0    Dex: 12    Spells: 0 memorised, 7 levels left

rFire  . . .     SeeInvis .       - Unarmed
rCold  . . .     Gourm    +     i - +2 robe {MR+}
rNeg   . . .     Faith    .     (no shield)
rPois  .         Spirit   .     (helmet restricted)
rElec  .         Reflect  .     (no cloak)
rCorr  .         Harm     .     (gloves unavailable)
MR     +++..     NoTele   +     (boots unavailable)
Stlth  ++........               (no amulet)
                                (no ring)
                                (no ring)

@: very slightly contaminated, regenerating
A: unfitting armour, claws 3, fast metabolism 3, gourmand, regeneration 1,
shaggy fur 1, tough skin 2
a: Berserk, Trog's Hand, Burn Spellbooks, Renounce Religion


You were in the Dungeon.
You worshipped Trog.
Trog was most pleased with you.
You were full.

You visited 1 branch You collected 420 gold pieces.

Inventory:

Armour
 i - a +2 robe of magic resistance (worn)
Scrolls
 a - a scroll of immolation {unknown}
 j - a scroll of remove curse {unknown}
Potions
 c - a potion of curing
 d - a potion of heal wounds
 e - a potion of haste
 f - 2 potions of magic
 g - a potion of berserk rage
Comestibles
 b - 2 bread rations


   Skills:
 + Level 10.1 Fighting
 + Level 10.1 Dodging
 - Level 1.0 Stealth
 + Level 11.8 Unarmed Combat


You had 7 spell levels left.
You didn't know any spells.

Dungeon Overview and Level Annotations

Branches:
Dungeon (1/1)

Altars:
Cheibriados
Dithmenos
Elyvilon
Fedhas
Gozag
Hepliaklqana
Kikubaaqudgha
Makhleb
Nemelex Xobeh
Okawaru
Qazlal
Ru
Sif Muna
Trog
Uskayaw
Vehumet
Xom
Yredelemnul
Zin
The Shining One
Jiyva
Lugonu

Shops:
D }


Innate Abilities, Weirdness & Mutations

You are too large for most types of armour.
You have claws for hands.
Your metabolism is lightning-fast.
You like to eat raw meat.
Your natural rate of healing is unusually fast.
You are covered in fur. (AC +1)
You have very tough skin. (AC +2)


Message History

The centaur warrior is moderately wounded.
The centaur warrior misses you. The deep troll bites you.
* * * LOW HITPOINT WARNING * * *
The deep troll claws you but does no damage.
The deep troll barely misses you.
You mangle the centaur warrior!!
The centaur warrior is almost dead.
The centaur warrior hits you but does no damage.
The deep troll bites you!
* * * LOW HITPOINT WARNING * * *
The deep troll claws you.
* * * LOW HITPOINT WARNING * * *
The deep troll closely misses you.
Your skin crawls.
You feel resistant to hostile enchantments.
You feel somewhat less full. The centaur warrior closely misses you.
The centaur warrior hits you.
* * * LOW HITPOINT WARNING * * *
The deep troll bites you!
You die...

##########################
#<.#..').#..@Ty#__#..'...#
#..').#..'..#c.(..'..#[..#
#.[#####'#####'#__####...+
#..####..#...#(####$§#####
#..#__####..##(#≈§§§§#..
#..#_____##'#..(§§§..'..
#⌠⌠#_.∩...'..._#§≈§§.#
####_..__##_.#'##T####
#_____###+#.#§.§$


You could see a centaur warrior, a deep troll and a hornet.

Vanquished Creatures
  A centaur warrior (D)
  2 kobold demonologists (D)
  A slime creature (D)
  Sigmund (D)
  A yak (D)
  A floating eye (D)
  An ogre (D)
  A jelly (D)
  Ijyb (D)
10 creatures vanquished.

Notes
Turn   | Place    | Note
-------+----------+-------------------------------------------
     0 | D        | Mesmaeker13 the Troll Monk began the quest for the Orb.
     0 | D        | Reached XP level 1. HP: 22/22 MP: 0/0
     1 | D        | Noticed Ijyb
     6 | D        | Killed Ijyb
     6 | D        | Reached skill level 4 in Unarmed Combat
     6 | D        | Reached XP level 2. HP: 30/31 MP: 1/1
     9 | D        | Noticed an ogre
    17 | D        | Killed an ogre
    17 | D        | Reached skill level 5 in Fighting
    17 | D        | Reached skill level 5 in Dodging
    17 | D        | Reached skill level 6 in Unarmed Combat
    17 | D        | Reached XP level 3. HP: 22/42 MP: 2/2
    17 | D        | Reached XP level 4. HP: 26/50 MP: 3/3
    67 | D        | Noticed Sigmund
    92 | D        | Killed Sigmund
    92 | D        | Reached skill level 7 in Unarmed Combat
    92 | D        | Reached XP level 5. HP: 18/61 MP: 4/4
   188 | D        | Found a deep blue altar of Sif Muna.
   190 | D        | Found a radiant altar of Vehumet.
   193 | D        | Reached skill level 8 in Unarmed Combat
   193 | D        | Reached XP level 6. HP: 53/68 MP: 5/5
   218 | D        | Found Eqymuc's Gadget Emporium.
   218 | D        | Found an ancient bone altar of Kikubaaqudgha.
   218 | D        | Found a hazy altar of Hepliaklqana.
   218 | D        | Found a stormy altar of Qazlal.
   218 | D        | Found a hide-covered altar of Uskayaw.
   218 | D        | Found a blossoming altar of Fedhas.
   218 | D        | Found a bloodstained altar of Trog.
   218 | D        | Found an iron altar of Okawaru.
   218 | D        | Found a basalt altar of Yredelemnul.
   218 | D        | Found a glowing golden altar of the Shining One.
   218 | D        | Found a snail-covered altar of Cheibriados.
   218 | D        | Found a sacrificial altar of Ru.
   218 | D        | Found a glowing silver altar of Zin.
   218 | D        | Found a shadowy altar of Dithmenos.
   218 | D        | Found a white marble altar of Elyvilon.
   218 | D        | Noticed a yak
   219 | D        | Found an opulent altar of Gozag.
   227 | D        | Killed a yak
   228 | D        | Found a sparkling altar of Nemelex Xobeh.
   233 | D        | Became a worshipper of Trog the Wrathful
   233 | D        | Reached * piety under Trog
   233 | D        | Reached ** piety under Trog
   266 | D        | Found a burning altar of Makhleb.
   266 | D        | Found a viscous altar of Jiyva.
   266 | D        | Found a shimmering altar of Xom.
   266 | D        | Found a corrupted altar of Lugonu.
   266 | D        | Noticed a slime creature
   271 | D        | Killed a slime creature
   271 | D        | Reached skill level 9 in Unarmed Combat
   271 | D        | Reached XP level 7. HP: 80/80 MP: 6/6
   285 | D        | Noticed a kobold demonologist
   286 | D        | Noticed a kobold demonologist
   288 | D        | Noticed a chaos spawn
   290 | D        | Killed a kobold demonologist
   290 | D        | Reached skill level 10 in Unarmed Combat
   292 | D        | Noticed an orange demon
   294 | D        | Noticed a ynoxinul
   294 | D        | Paralysed by a floating eye for 2 turns
   300 | D        | Killed a kobold demonologist
   300 | D        | Reached *** piety under Trog
   300 | D        | Reached XP level 8. HP: 71/92 MP: 7/7
   301 | D        | Paralysed by a floating eye for 2 turns
   375 | D        | Noticed a centaur warrior
   376 | D        | Noticed a centaur warrior
   453 | D        | Killed a centaur warrior
   453 | D        | Reached skill level 10 in Fighting
   453 | D        | Reached skill level 10 in Dodging
   453 | D        | Reached skill level 11 in Unarmed Combat
   499 | D        | Noticed a deep troll
   520 | D        | Noticed a hornet
   534 | D        | Mangled by a deep troll

Skill      XL: |  1  2  3  4  5  6  7  8 |
---------------+-------------------------+-----
Fighting       | 3 5 6 8 9 10 | 10.1
Dodging        | 3 5 6 8 9 10 | 10.1
Unarmed Combat | 4 6 7 8 9 10 11 | 11.8
Stealth        | |  1.0

Action                   |  1- 3 |  4- 6 |  7- 9 || total
-------------------------+-------+-------+-------++-------
Melee: Unarmed           |    11 |    26 |    29 ||    66
       Punch             |       |     1 |     3 ||     4
Invok: Trog's Hand       |       |       |     3 ||     3
  Use: Scroll            |       |       |     1 ||     1
 Stab: Sleeping          |       |     1 |       ||     1
  Eat: Chunk             |       |     1 |     6 ||     7
Armor: Robe              |     1 |     3 |     5 ||     9
Dodge: Dodged            |     5 |     9 |    19 ||    33
